 Dungeon Crawl Stone Soup version 0.26-a0-958-gf3041fb45f (webtiles) character file.

Game seed: 5173853254778983102

36 strifetoe the Chopper (level 3, -3/49 HPs)
             Began as a Deep Dwarf Monk on Dec 1, 2020.
             Slain by Sigmund
             ... wielding a +0 scythe
              (5 damage)
             ... on level 2 of the Dungeon.
             The game lasted 00:01:19 (1276 turns).

strifetoe the Chopper (Deep Dwarf Monk)             Turns: 1276, Time: 00:01:20

Health: -3/49      AC:  2    Str: 15    XL:     3   Next: 19%
Magic:  3/3        EV: 13    Int: 10    God:
Gold:   58         SH:  0    Dex: 15    Spells: 2/2 levels left

rFire    . . .     SeeInvis .   d - +1 short sword (vamp)
rCold    . . .     Faith    .   (no shield)
rNeg     . . .     Spirit   .   b - +0 robe
rPois    .         Reflect  .   (no helmet)
rElec    .         Harm     .   (no cloak)
rCorr    .         Rampage  .   (no gloves)
MR       .....                  (no boots)
Stlth    ..........             (no amulet)
HPRegen  0.00/turn              (no ring)
MPRegen  0.08/turn              (no ring)

@: confused, berserking (expiring), non-regenerating, very quick
A: damage resistance, heal wounds, sense surroundings 1, no regeneration
a: Heal Wounds


You were on level 2 of the Dungeon.
You visited 1 branch of the dungeon, and saw 2 of its levels.

You collected 58 gold pieces.

Inventory:

Hand Weapons
 a - a +0 hand axe
 d - a +1 vampiric short sword (weapon)
Armour
 b - a +0 robe (worn)
Scrolls
 c - a scroll of teleportation {unknown}
 f - a scroll of amnesia {unknown}
 h - a scroll of remove curse {unknown}
 i - a scroll of identify {unknown}
 j - a scroll of magic mapping {unknown}
 k - a scroll of enchant armour {unknown}
Potions
 e - a potion of heal wounds {unknown}


   Skills:
 - Level 2.6 Fighting
 + Level 4.8 Axes
 - Level 3.2 Dodging
 - Level 2.4 Stealth


You had 2 spell levels left.
You didn't know any spells.
Your spell library was empty.

Dungeon Overview and Level Annotations

Branches:
Dungeon (2/15)

Altars:
Nemelex Xobeh

Annotations:
D:2 Sigmund


Innate Abilities, Weirdness & Mutations

You are resistant to damage.
You can heal yourself by infusing magical energy.
You passively map a small area around you.
You do not regenerate.


Message History

You are more confused.
Unknown command.
Sigmund closely misses you.
Okay, then.
It was a potion of berserk rage.
A red film seems to cover your vision as you go berserk!
You feel yourself moving faster!
You feel mighty!
You barely miss Sigmund.
Sigmund is almost dead.
Sigmund gestures at you while chanting. The magic dart hits you.
* * * LOW HITPOINT WARNING * * *
Unknown command.
Sigmund hits you from afar with a +0 scythe!
* * * LOW HITPOINT WARNING * * *
You bump into the rock wall.
You feel a strong urge to attack something.
You bump into the rock wall.
Sigmund hits you from afar with a +0 scythe.
You die...

†...##########.#########
, ##...##...###..........
, **
#.#.....#......####..# *
##.#.##...###{#####..####
###.####### #.##.........
#.# #.##<##..#### , , #.#
#..@)....# #.# ####.###.#
** #.# #@# , , #.# #.#*
*** #.## * ... * , * #..#
*.#.#. ##.# #.#.#.#
#.#################### ,
#....................#
#.#...#...#...#...#..# *
* #..................._#


You could see Sigmund.

Vanquished Creatures
  A ball python (D:1)
  3 giant cockroaches
  7 goblins
  6 hobgoblins (D:1)
  4 jackals (D:1)
  3 bats (D:1)
  2 frilled lizards (D:1)
  5 kobolds
  A rat (D:1)
32 creatures vanquished.

Notes
Turn   | Place    | Note
-------+----------+-------------------------------------------
     0 | D:1      | strifetoe the Deep Dwarf Monk began the quest for the Orb.
     0 | D:1      | Reached XP level 1. HP: 20/20 MP: 1/1
   129 | D:1      | Reached XP level 2. HP: 12/27 MP: 2/2
   262 | D:1      | Reached skill level 4 in Axes
   821 | D:1      | Reached XP level 3. HP: 29/33 MP: 3/3
   982 | D:2      | Found a sparkling altar of Nemelex Xobeh.
  1016 | D:2      | Noticed Sigmund
  1274 | D:2      | HP: 2/49 [Sigmund/+0 scythe (8)]
  1276 | D:2      | Slain by Sigmund

Illustrated notes

Levels and vault maps discovered:
D:1:      roderic_octagonal_star, layout_basic
D:2:      layout_loops_cross, lemuel_coloured_pillars_altar, uniq_sigmund,
          uniq_robin

Skill      XL: |  1  2 |
---------------+-------+-----
Axes           | 4 |  4.8
Fighting       | |  2.6
Dodging        | |  3.2
Stealth        | |  2.4

Action                   || total
-------------------------++-------
Melee: Hand axe          ||    21
       Short sword       ||    99
 Abil: Heal Wounds       ||     1
  Use: Potion            ||     1
 Stab: Sleeping          ||     5
Armor: Robe              ||    15
Dodge: Dodged            ||    70

Table legend: (Time is in decaauts)
 A = Elapsed time spent in this place.
 B = Non-inter-level travel time spent in this place.
 C = Inter-level travel time spent in this place.
 D = Time resting spent in this place.
 E = Time spent auto-exploring this place.
 F = Levels seen in this place.
 G = Mean time per level.
                   A        B        C        D        E       F      G
               +--------+--------+--------+--------+--------+-----+--------+
         Total |   1287 |   1230 |     57 |    200 |    747 |   2 |  643.5 |
       Dungeon |   1287 |   1230 |     57 |    200 |    747 |   2 |  643.5 |
               +--------+--------+--------+--------+--------+-----+--------+

Top non-repeatable levels by time:
     D:1: 1123 daAuts
     D:2: 163 daAuts
